 Dungeon Crawl Stone Soup version 0.28-a0-1518-gbe868bca14 (webtiles) character file.

Game seed: 3035540230039709068

96 croobank the Skirmisher (level 4, 0/40 HPs)
             Began as a Draconian Cinder Acolyte on Jan 16, 2022.
             Was a High Priest of Ignis.
             Slain by a sky beast (5 damage)
             ... on level 3 of the Dungeon.
             The game lasted 00:08:28 (2425 turns).

croobank the Skirmisher (Draconian Cinder Acolyte)  Turns: 2425, Time: 00:08:29

Health: 0/40       AC:  5    Str: 16    XL:     4   Next: 41%
Magic:  1/7        EV: 11    Int: 15    God:    Ignis [*****.]
Gold:   82         SH:  0    Dex:  8    Spells: 5/7 levels left

rFire   + + .      SeeInvis .   j - staff of fire
rCold   . . .      Faith    .   (no shield)
rNeg    . . .      Spirit   .   (armour unavailable)
rPois   .          Reflect  .   (helmet restricted)
rElec   .          Harm     .   (no cloak)
rCorr   .          Rampage  .   (no gloves)
Will    .....                   (no boots)
Stlth   +.........              (no amulet)
HPRegen 0.13/turn               (no ring)
MPRegen 0.10/turn               (no ring)

@: about to teleport
A: AC +5, unfitting armour, cold-blooded
a: Renounce Religion, Fiery Armour, Foxfire Swarm, Rising Flame


You were on level 3 of the Dungeon.
You worshipped Ignis.
Ignis was extremely pleased with you.
You visited 1 branch of the dungeon, and saw 3 of its levels.

You collected 82 gold pieces.

Inventory:

Hand Weapons
 a - a -1 hand axe of flaming
 f - a +0 war axe
Missiles
 d - 34 stones (quivered)
 e - 14 sling bullets
Magical Staves
 j - a staff of fire (weapon)
Scrolls
 k - a scroll of immolation {unknown}
 l - a scroll of summoning {unknown}
Potions
 h - a potion of resistance
 m - a potion of magic
 n - a potion of curing {unknown}


   Skills:
 + Level 4.0 Fighting
 - Level 3.6 Axes
 + Level 0.3 Staves
 + Level 2.0 Spellcasting
 + Level 3.6 Fire Magic


You had 5 spell levels left.
You knew the following spells:

 Your Spells              Type           Power      Damage    Failure   Level
a - Scorch                Fire           36%        2d7       8%          2

Your spell library contained the following spells:

 Spells                   Type           Power      Damage    Failure   Level
 Gell's Gravitas          Tloc           1%         N/A       54%         3
 Lesser Beckoning         Tloc           1%         N/A       54%         3
 Teleport Other           Tloc           1%         N/A       54%         3


Dungeon Overview and Level Annotations

Branches:
Dungeon (3/15)

Altars:


Innate Abilities, Weirdness & Mutations

Your plain brown scales are hard. (AC +5)
You cannot fit into any form of body armour.
You are cold-blooded and may be slowed by cold attacks.


Message History

The sky beast hits you but does no damage.
A frilled lizard comes into view.
The sky beast hits you but does no damage.
You hit the sky beast.
The sky beast is heavily wounded.
The sky beast closely misses you.
Casting: Scorch (safe; 8% risk of failure)
Confirm with . or Enter, or press ? or * to list all spells.
You feel a surge of power!
Flames lash the frilled lizard.
You kill the frilled lizard!
The sky beast hits you but does no damage.
Casting: Scorch (safe; 8% risk of failure)
Confirm with . or Enter, or press ? or * to list all spells.
You don't have enough magic to cast this spell.
You hit the sky beast but do no damage.
The sky beast is heavily wounded.
The sky beast completely misses you.
You closely miss the sky beast.
The sky beast is heavily wounded.
The sky beast hits you but does no damage.
You barely miss the sky beast.
The sky beast is heavily wounded.
The sky beast hits you. The sky beast shocks you.
You hit the sky beast but do no damage.
The sky beast is heavily wounded.
The sky beast flickers out of sight!
Deactivating autopickup; reactivate with Ctrl-A.
Something hits you. Something shocks you.
* * * LOW HITPOINT WARNING * * *
Okay, then.
As you read the scroll labelled YFORUXAJOA, it crumbles to dust.
It is a scroll of enchant armour.
You aren't carrying any armour which can be enchanted further.
Something hits you but does no damage.
As you read the scroll labelled RILAXI XEFYE, it crumbles to dust.
You feel strangely unstable.
It was a scroll of teleportation.
Something hits you.
* * * LOW HITPOINT WARNING * * *
Something shocks you.
You die...

#....# #....#
#....# #....#
#....#####
#........#
#........#
#........#
#####.#@######
#$.....{#
#.......#
#.......))
###....)....
#...........
#...........
###'#.......
#. {......


There were no monsters in sight!

Vanquished Creatures
  4 adders
  An adder skeleton (D:2)
  2 dart slugs
  2 orcs
  4 bats
  5 endoplasms
  4 giant cockroaches
  4 hobgoblins (D:2)
  3 jackals (D:1)
  2 quokkas
  3 ball pythons
  6 frilled lizards
  7 goblins
  A kobold (D:3)
  2 rats
50 creatures vanquished.

Notes
Turn   | Place    | Note
-------+----------+-------------------------------------------
     0 | D:1      | croobank the Draconian Cinder Acolyte began the quest for
                  | the Orb.
     0 | D:1      | Reached XP level 1. HP: 19/19 MP: 2/2
   252 | D:1      | Reached XP level 2. HP: 26/26 MP: 3/3
   287 | D:1      | Found a faded altar of an unknown god.
   417 | D:1      | Learned a level 2 spell: Scorch
   871 | D:2      | Reached XP level 3. HP: 33/33 MP: 0/5
  1679 | D:2      | Reached skill level 4 in Fighting
  1679 | D:2      | Reached XP level 4. HP: 40/40 MP: 3/6
  2396 | D:3      | Noticed a sky beast
  2425 | D:3      | Slain by a sky beast

Illustrated notes

Levels and vault maps discovered:
D:1:      nzn_arrival_depleted_hourglass, layout_rooms,
          shapermc_ecumenical_altar_totnotflames
D:2:      layout_basic, chequers_serial_rivers_small_b, minmay_pentomino_v4
D:3:      layout_basic, st_stairs_13

Skill      XL: |  1  2  3  4 |
---------------+-------------+-----
Fighting       | 4 |  4.0
Spellcasting   | 2 |  2.0
Axes           | |  3.6
Staves         | |  0.3
Fire Magic     | |  3.6

Action                   |  1- 3 |  4- 6 || total
-------------------------+-------+-------++-------
Melee: Hand axe          |    35 |       ||    35
       Tailslap          |     6 |     2 ||     8
       War axe           |    37 |       ||    37
       Staff             |     1 |    25 ||    26
Throw: Stone             |     1 |       ||     1
 Cast: Scorch            |    17 |    13 ||    30
  Use: Scroll            |       |     5 ||     5
       Potion            |       |     1 ||     1
Armor: Skin              |    38 |    16 ||    54
Dodge: Dodged            |    53 |     7 ||    60

Table legend: (Time is in decaauts)
 A = Elapsed time spent in this place.
 B = Non-inter-level travel time spent in this place.
 C = Inter-level travel time spent in this place.
 D = Time resting spent in this place.
 E = Time spent auto-exploring this place.
 F = Levels seen in this place.
 G = Mean time per level.
                   A        B        C        D        E       F      G
               +--------+--------+--------+--------+--------+-----+--------+
         Total |   2448 |   2434 |     14 |     10 |   1958 |   3 |  816.0 |
       Dungeon |   2448 |   2434 |     14 |     10 |   1958 |   3 |  816.0 |
               +--------+--------+--------+--------+--------+-----+--------+

Top non-repeatable levels by time:
     D:2: 1397 daAuts
     D:1: 727 daAuts
     D:3: 322 daAuts
